 Dungeon Crawl Stone Soup version 0.23.0-3-gf3c87f2 (webtiles) character file.

Game seed: 8264724967650107716

58 Hasart the Skirmisher (level 3, -4/31 HPs)
             Began as a Demigod Fighter on Feb 24, 2019.
             Slain by a gnoll
             ... wielding a +0 spear
              (6 damage)
             ... on level 3 of the Dungeon.
             The game lasted 00:03:58 (1787 turns).

Hasart the Skirmisher (Demigod Fighter)             Turns: 1787, Time: 00:03:59

Health: -4/31      AC:  6    Str: 21    XL:     3   Next: 52%
Magic:  0/5        EV:  7    Int: 12    God:
Gold:   74         SH:  9    Dex: 15    Spells: 2/2 levels left

rFire    . . .     SeeInvis .   s - +2 falchion (holy)
rCold    . . .     Gourm    .   c - +0 shield
rNeg     . . .     Faith    .   b - +0 scale mail
rPois    .         Spirit   +   (no helmet)
rElec    .         Reflect  .   (no cloak)
rCorr    .         Harm     .   (no gloves)
MR       .....                  (no boots)
Stlth    ..........             v - amulet of guardian spirit
HPRegen  0.10/turn              t - ring of attention (curse)
MPRegen  0.09/turn              (no ring)

@: no status effects
A: high mp 1
a: no special abilities


You were on level 3 of the Dungeon.
You were hungry.

You visited 1 branch of the dungeon, and saw 3 of its levels.

You collected 74 gold pieces.

Inventory:

Hand Weapons
 a - a +0 long sword
 s - a +2 falchion of holy wrath (weapon)
Armour
 b - a +0 scale mail (worn)
 c - a +0 shield (worn)
Jewellery
 t - a cursed ring of attention (left hand)
 v - an amulet of guardian spirit (around neck)
 w - an uncursed ring of wizardry {unknown}
Scrolls
 e - 7 scrolls of teleportation {unknown}
 h - a scroll of fear {unknown}
 l - a scroll of identify {unknown}
 m - 5 scrolls of remove curse {unknown}
 n - a scroll of noise {unknown}
Potions
 d - a potion of might
 g - a potion of ambrosia {unknown}
 i - 2 potions of curing {unknown}
 j - a potion of cancellation {unknown}
 o - 2 potions of haste {unknown}
 p - a potion of heal wounds {unknown}
 q - a potion of lignification {unknown}
 r - a potion of degeneration {unknown}
 u - a potion of agility {unknown}
Comestibles
 f - 4 rations


   Skills:
 + Level 3.0 Fighting
 * Level 2.6 Long Blades
 + Level 3.0 Armour
 + Level 0.6 Dodging
 + Level 3.0 Shields


You had 2 spell levels left.
You didn't know any spells.
Your spell library was empty.

Dungeon Overview and Level Annotations

Branches:
Dungeon (3/15)


Innate Abilities, Weirdness & Mutations

You have an increased reservoir of magic. (+10% MP)


Message History

The gnoll hits you from afar with a +0 spear.
* * * LOW HITPOINT WARNING * * *
You hit the gnoll.
The gnoll is moderately wounded.
The gnoll closely misses you. You block the gnoll's attack.
You slash the gnoll!
The gnoll is almost dead.
The gnoll hits you but does no damage. You block the gnoll's attack.
You barely miss the gnoll.
The gnoll is almost dead.
You block the gnoll's attack.
The gnoll hits you from afar with a +0 spear.
* * * LOW HITPOINT WARNING * * *
The gnoll hits you but does no damage.
You hit the gnoll.
You kill the gnoll!
Your Shields skill increases to level 3!
The gnoll hits you but does no damage. x2
The gnoll hits you with a +0 spear!
You die...

## #### #. ... #. #.#
######.##.######.
......(†(........ #
.......##@##########...
.......##g.............
...........##.........#
##.?.......##########.#
#.........# #.....#####
#?.... #.<.. #....


You could see a gnoll.

Vanquished Creatures
  2 gnolls (D:3)
  An adder (D:3)
  2 leopard geckos
  A ball python (D:1)
  8 bats
  A goblin (D:1)
  4 jackals (D:1)
  2 kobolds (D:1)
  A frilled lizard (D:2)
  6 rats
28 creatures vanquished.

Notes
Turn   | Place    | Note
-------+----------+-------------------------------------------
     0 | D:1      | Hasart the Demigod Fighter began the quest for the Orb.
     0 | D:1      | Reached XP level 1. HP: 18/18 MP: 3/3
   235 | D:1      | Reached XP level 2. HP: 25/25 MP: 4/4
   963 | D:2      | Found an iron altar of Okawaru.
  1017 | D:2      | Found a radiant altar of Vehumet.
  1356 | D:2      | Found a deep blue altar of Sif Muna.
  1742 | D:3      | Reached XP level 3. HP: 16/31 MP: 3/5
  1787 | D:3      | Slain by a gnoll

Skill      XL: |  1  2  3 |
---------------+----------+-----
Long Blades    | 2 |  2.6
Fighting       | 3 |  3.0
Armour         | 3 |  3.0
Shields        | 3 |  3.0
Dodging        | |  0.6

Action                   || total
-------------------------++-------
Melee: Long sword        ||    81
       Falchion          ||    34
  Eat: Chunk             ||     2
Armor: Scale mail        ||    63
Dodge: Dodged            ||    56
Block: Shield            ||    92
       Rpst.: Long sword ||    12
       Falchion          ||     3
